cohdb
Replays
Latest Replays
All Replays
Popular Replays
Top Player Replays
Match Explorer
How It Works
Community
CoH3 Stats
Reddit
Sign in to upload your games and track your stats! →
Sign in with Steam
Match 38752451
Unlisted
Match 38752451
Overview
Messages
Build Orders
End
Construct Section Command Post
Construct Section Command Post
Vickers Machine Gun Team
Vickers Machine Gun Team
Infantry Section
Infantry Section
Construct Platoon Command Post
Infantry Section
Unlock M3 Stuart Light Tanks
CMP 15cwt Truck
M3 Stuart Light Tank
CMP 15cwt Truck
Royal Engineer Section
XuZhongwei
MontaxCZ
CPU - 专家
CPU - 专家
0
0
Comments
sign in to comment!
No comments posted yet!